 Dungeon Crawl Stone Soup version 0.19.5 (webtiles) character file.

59 Keye the Poker (level 4, -7/42 HPs)
             Began as a Naga Fighter on May 12, 2017.
             Mangled by a gnoll
             ... wielding a +0 halberd
              (11 damage)
             ... on level 3 of the Dungeon.
             The game lasted 00:01:49 (1003 turns).

Keye the Poker (Naga Fighter)                       Turns: 1003, Time: 00:01:49

Health: -7/42      AC:  4    Str: 18    XL:     4   Next: 3%
Magic:  4/4        EV:  5    Int:  9    God:
Gold:   127        SH:  8    Dex: 11    Spells: 0 memorised, 3 levels left

rFire  . . .     SeeInvis +     a - +0 trident
rCold  . . .     Gourm    .     b - +0 scale mail
rNeg   . . .     Faith    .     c - +0 shield
rPois  +         Spirit   .     (no helmet)
rElec  .         Reflect  .     (no cloak)
rCorr  .         Harm     .     (no gloves)
MR     .....                    (no barding)
Stlth  ..........               (no amulet)
                                (no ring)
                                (no ring)

@: very slow
A: see invisible, deformed body, poison resistance, slowness 2, slow metabolism
1, spit poison 1, AC +1
a: Spit Poison


You were on level 3 of the Dungeon.
You were not hungry.

You visited 1 branch of the dungeon, and saw 3 of its levels.

You collected 127 gold pieces.

Inventory:

Hand Weapons
 a - a +0 trident (weapon)
Armour
 b - a +0 scale mail (worn)
 c - a +0 shield (worn)
Jewellery
 i - an uncursed ring of protection from magic {unknown}
 s - an uncursed ring of protection from fire {unknown}
Wands
 r - a wand of slowing (29/48)
Scrolls
 e - 3 scrolls of fog {unknown}
 h - a scroll of random uselessness {unknown}
 j - a scroll of identify {unknown}
 k - a scroll of magic mapping {unknown}
 m - a scroll of amnesia {unknown}
 q - 2 scrolls of teleportation {unknown}
Potions
 d - a potion of might
 l - a potion of haste {unknown}
 o - 5 potions of cure mutation {unknown}
 p - a potion of heal wounds {unknown}
 t - a potion of curing {unknown}
Comestibles
 f - 4 bread rations
 g - a chunk of flesh
 n - 5 fruits


   Skills:
 - Level 3.0 Fighting
 + Level 4.2 Polearms
 - Level 2.4 Armour
 - Level 2.4 Shields


You had 3 spell levels left.
You didn't know any spells.

Dungeon Overview and Level Annotations

Branches:
Dungeon (3/15)

Altars:


Innate Abilities, Weirdness & Mutations

You cannot wear boots.
Your serpentine skin is tough. (AC +1)
You have supernaturally acute eyesight. (SInv)
Armour fits poorly on your strangely shaped body.
Your system is resistant to poisons. (rPois)
You cover ground very slowly.
You have a slow metabolism.
You can spit poison.


Message History

The gnoll is moderately wounded.
The gnoll barely misses you. The gnoll hits you.
The gnoll hits you but does no damage. The hobgoblin hits you with a club.
You block the gnoll's attack.
The gnoll hits you from afar with a spear.
* * * LOW HITPOINT WARNING * * *
The hobgoblin hits you but does no damage.
The gnoll hits you.
* * * LOW HITPOINT WARNING * * *
You block the hobgoblin's attack. You block the gnoll's attack.
The gnoll hits you but does no damage. The gnoll hits you but does no damage.
The hobgoblin hits you with a club.
* * * LOW HITPOINT WARNING * * *
The gnoll hits you from afar with a spear.
* * * LOW HITPOINT WARNING * * *
The gnoll barely misses you. The gnoll barely misses you.
You block the gnoll's attack. You block the hobgoblin's attack.
The gnoll hits you from afar with a halberd!
You die...

####### #.....#
########### ###.###.#
#.[.......# ###...#...#
#.........# #...##..###
#.........# ##.####.##
#..@......# #รท.# #.#
#..gg.....# ..#####.#
####..gg.....#
........###.....g......#
#####..###..#####..#####
# #..#.....##...## #
###..............##
###.................#
....##.....)(.......#


You could see 4 gnolls and a hobgoblin.

Vanquished Creatures
  An adder (D:2)
  3 worms (D:2)
  2 dart slugs (D:1)
  A leopard gecko (D:1)
  2 giant cockroaches
  4 hobgoblins
  2 kobolds (D:2)
  A ball python (D:2)
  4 bats
  2 frilled lizards (D:1)
  8 goblins
  9 rats
39 creatures vanquished.

Notes
Turn   | Place    | Note
-------+----------+-------------------------------------------
     0 | D:1      | Keye the Naga Fighter began the quest for the Orb.
     0 | D:1      | Reached XP level 1. HP: 21/21 MP: 1/1
   106 | D:1      | Reached XP level 2. HP: 27/28 MP: 2/2
   201 | D:1      | Reached skill level 3 in Polearms
   496 | D:2      | Reached XP level 3. HP: 34/34 MP: 3/3
   860 | D:2      | Reached skill level 4 in Polearms
   905 | D:3      | Reached XP level 4. HP: 42/42 MP: 4/4
  1003 | D:3      | Mangled by a gnoll

Skill      XL: |  1  2  3 |
---------------+----------+-----
Polearms       | 3 4 |  4.2
Fighting       | |  3.0
Armour         | |  2.4
Shields        | |  2.4

Action                   |  1- 3 |  4- 6 || total
-------------------------+-------+-------++-------
Melee: Trident           |   131 |     9 ||   140
Armor: Scale mail        |    32 |     6 ||    38
Dodge: Dodged            |    24 |     4 ||    28
Block: Shield            |    45 |    11 ||    56
